 Dungeon Crawl Stone Soup version 0.23.0-3-gf3c87f2 (webtiles) character file.

Game seed: 3201702116143076899

92 wolfsongas the Fighter (level 4, -7/45 HPs)
             Began as a Gnoll Wanderer on Feb 22, 2019.
             Mangled by an ogre
             ... wielding a +0 giant club
              (24 damage)
             ... on level 3 of the Dungeon.
             The game lasted 00:04:29 (2250 turns).

wolfsongas the Fighter (Gnoll Wanderer)             Turns: 2250, Time: 00:04:30

Health: -7/45      AC:  4    Str: 14    XL:     4   Next: 60%
Magic:  15/15      EV: 14    Int: 15    God:
Gold:   87         SH:  0    Dex: 15    Spells: 5/5 levels left

rFire    . . .     SeeInvis +   a - +2 dagger
rCold    . . .     Gourm    .   (no shield)
rNeg     . . .     Faith    .   o - +0 leather armour
rPois    .         Spirit   .   i - +1 hat
rElec    .         Reflect  .   (no cloak)
rCorr    .         Harm     .   (no gloves)
MR       .....                  (no boots)
Stlth    ++........             (no amulet)
HPRegen  0.15/turn              g - ring of see invisible
MPRegen  0.14/turn              m - ring of magical power

@: hasted, very quick
A: distributed training, fangs 1, strong nose
a: no special abilities


You were on level 3 of the Dungeon.
You were not hungry.

You visited 1 branch of the dungeon, and saw 3 of its levels.

You collected 87 gold pieces.

Inventory:

Hand Weapons
 a - a +2 dagger (weapon)
 c - a +0 quarterstaff
Armour
 e - a +1 robe
 i - a +1 hat (worn)
 o - a +0 leather armour (worn)
Jewellery
 g - a ring of see invisible (left hand)
 m - a ring of magical power (right hand)
 n - an uncursed ring of positive energy
Scrolls
 j - a scroll of fear
 k - 3 scrolls of teleportation
Potions
 d - a potion of lignification
 h - 4 potions of brilliance {unknown}
 l - 3 potions of heal wounds {unknown}
Comestibles
 f - 4 rations


   Skills:
 + Level 8.5 Fighting
 + Level 1.1 Short Blades
 + Level 2.7 Long Blades
 + Level 1.1 Axes
 + Level 1.1 Maces & Flails
 + Level 1.1 Polearms
 + Level 1.1 Staves
 + Level 1.1 Slings
 + Level 1.1 Bows
 + Level 1.1 Crossbows
 + Level 1.1 Throwing
 + Level 1.1 Armour
 + Level 4.6 Dodging
 + Level 4.2 Stealth
 + Level 1.1 Shields
 + Level 1.1 Unarmed Combat
 + Level 1.1 Spellcasting
 + Level 0.9 Conjurations
 + Level 0.9 Hexes
 + Level 0.9 Charms
 + Level 0.9 Summonings
 + Level 0.9 Necromancy
 + Level 0.9 Translocations
 + Level 0.9 Transmutations
 + Level 0.9 Fire Magic
 + Level 0.9 Ice Magic
 + Level 0.9 Air Magic
 + Level 0.9 Earth Magic
 + Level 0.9 Poison Magic
 + Level 1.2 Invocations
 + Level 2.7 Evocations


You had 5 spell levels left.
You didn't know any spells.
Your spell library was empty.

Dungeon Overview and Level Annotations

Branches:
Dungeon (3/15)

Altars:
Makhleb
Zin


Innate Abilities, Weirdness & Mutations

Your experience applies equally to all skills.
You have very sharp teeth.
Your uncanny sense of smell can sniff out nearby items.


Message History

A dart slug comes into view.
The ogre shouts!
The ogre hits you with a +0 giant club.
You barely miss the ogre. The ogre completely misses you.
You hit the ogre.
The ogre is moderately wounded.
The ogre hits you with a +0 giant club!!
Ouch! That really hurt!
You are too injured to fight recklessly!
You feel yourself speed up.
You hit the ogre but do no damage.
The ogre is moderately wounded.
The ogre misses you.
You hit the ogre.
The ogre is moderately wounded.
You hit the ogre.
The ogre is heavily wounded.
The ogre hits you with a +0 giant club!!
Ouch! That really hurt!
You die...

####
#...............
..# ##...##...##
#.# ##.####.##
####.#####.## #.#
#...........###.#
#.##.#####..#...#
#. #.# #..#†###
#####.##.# #.O#w#
#........# #.@#.#
.#.....#### #..#.#
...........###..#.#
#.#.....#...##..#.#
##..............#
######<..#####.#
##..# #.# #..# #.#
#..# #.#


You could see an ogre.

Vanquished Creatures
  3 adders (D:2)
  3 worms
  2 dart slugs
  5 bats
  3 giant cockroaches
  4 hobgoblins
  4 jackals
  8 kobolds
  A quokka (D:2)
  4 frilled lizards (D:1)
  10 goblins
  4 rats (D:1)
51 creatures vanquished.

Notes
Turn   | Place    | Note
-------+----------+-------------------------------------------
     0 | D:1      | wolfsongas the Gnoll Wanderer began the quest for the Orb.
     0 | D:1      | wolfsongas set off with the following items: a +2 dagger, a
                  | potion of haste, a +0 quarterstaff, a potion of
                  | lignification, a +0 robe, a ration
     0 | D:1      | Reached XP level 1. HP: 26/26 MP: 2/2
    77 | D:1      | Reached XP level 2. HP: 29/33 MP: 3/3
   422 | D:1      | Reached XP level 3. HP: 36/38 MP: 4/4
   787 | D:2      | Found a glowing silver altar of Zin.
   787 | D:2      | Found a burning altar of Makhleb.
   788 | D:2      | Noticed a blizzard demon
   788 | D:2      | Noticed an angel
   800 | D:2      | Reached skill level 1 in Invocations
  1002 | D:2      | Reached skill level 1 in Short Blades
  1002 | D:2      | Reached skill level 1 in Axes
  1002 | D:2      | Reached skill level 1 in Maces & Flails
  1002 | D:2      | Reached skill level 1 in Polearms
  1002 | D:2      | Reached skill level 1 in Staves
  1002 | D:2      | Reached skill level 1 in Slings
  1002 | D:2      | Reached skill level 1 in Bows
  1002 | D:2      | Reached skill level 1 in Crossbows
  1002 | D:2      | Reached skill level 1 in Throwing
  1002 | D:2      | Reached skill level 1 in Armour
  1002 | D:2      | Reached skill level 1 in Shields
  1002 | D:2      | Reached skill level 1 in Unarmed Combat
  1002 | D:2      | Reached skill level 1 in Spellcasting
  1057 | D:2      | Reached XP level 4. HP: 40/45 MP: 6/6
  2096 | D:3      | Noticed an ogre
  2250 | D:3      | Mangled by an ogre

Skill      XL: |  1  2  3 |
---------------+----------+-----
Invocations    | 1 |  1.2
Short Blades   | 1 |  1.1
Axes           | 1 |  1.1
Maces & Flails | 1 |  1.1
Polearms       | 1 |  1.1
Staves         | 1 |  1.1
Slings         | 1 |  1.1
Bows           | 1 |  1.1
Crossbows      | 1 |  1.1
Throwing       | 1 |  1.1
Armour         | 1 |  1.1
Shields        | 1 |  1.1
Unarmed Combat | 1 |  1.1
Spellcasting   | 1 |  1.1
Fighting       | |  8.5
Long Blades    | |  2.7
Dodging        | |  4.6
Stealth        | |  4.2
Conjurations   | |  0.9
Hexes          | |  0.9
Charms         | |  0.9
Summonings     | |  0.9
Necromancy     | |  0.9
Translocations | |  0.9
Transmutations | |  0.9
Fire Magic     | |  0.9
Ice Magic      | |  0.9
Air Magic      | |  0.9
Earth Magic    | |  0.9
Poison Magic   | |  0.9
Evocations     | |  2.7

Action                   |  1- 3 |  4- 6 || total
-------------------------+-------+-------++-------
Melee: Dagger            |   125 |    65 ||   190
       Bite              |    12 |    14 ||    26
  Use: Scroll            |     4 |     2 ||     6
       Potion            |       |     1 ||     1
 Stab: Sleeping          |    11 |     2 ||    13
  Eat: Ration            |       |     1 ||     1
       Chunk             |       |     1 ||     1
Armor: Robe              |    16 |     1 ||    17
       Leather armour    |       |     2 ||     2
Dodge: Dodged            |    93 |    29 ||   122
